 Dungeon Crawl Stone Soup version 0.27-a0-1312-g5cdb2b3542 (webtiles) character file.

Game seed: 13360004897047769388

2086 freelancePsychic the Thaumaturge (level 9, -4/67 HPs)
             Began as a Djinni Enchanter on June 19, 2021.
             Was an Initiate of Jiyva.
             Slain by a wyvern (12 damage)
             ... on level 7 of the Dungeon.
             The game lasted 00:23:01 (11301 turns).

freelancePsychic the Thaumaturge (DjEn)            Turns: 11301, Time: 00:23:02

Health: -4/67      AC:  5    Str:  7    XL:     9   Next: 51%
Gold:   411        EV: 12    Int: 25    God:    Jiyva [......] SH:  0 Dex: 15

rFire    + + +     SeeInvis .   l - +3 dagger
rCold    . . .     Faith    .   (no shield)
rNeg     . . .     Spirit   .   b - +0 robe
rPois    ∞         Reflect  .   (no helmet)
rElec    .         Harm     .   d - +0 cloak
rCorr    .         Rampage  .   h - +1 pair of gloves
Will     .....     Rnd*Rage +   (boots unavailable)
Stlth    ++........             (no amulet)
HPRegen  0.21/turn              s - ring of protection from cold
MPRegen  0.00/turn              r - +6 ring of intelligence

@: confusing by touch, flying, studying Spellcasting
A: sickness immunity, fire resistance 3, cold vulnerability 1, float, innate
caster, hp casting, extra vitality 1, berserk 1
a: Renounce Religion


You were on level 7 of the Dungeon.
You worshipped Jiyva.
Jiyva was noncommittal.
You visited 2 branches of the dungeon, and saw 8 of its levels.

You collected 411 gold pieces.

Inventory:

Hand Weapons
 a - a +1 dagger
 l - a +3 dagger (weapon)
Missiles
 u - a throwing net
Armour
 b - a +0 robe (worn)
 d - a +0 cloak (worn)
 f - a +0 kite shield
 h - a +1 pair of gloves (worn)
Magical Staves
 m - a staff of fire
Jewellery
 g - a ring of fire
 r - a +6 ring of intelligence (right hand)
 s - a ring of protection from cold (left hand)
 z - a ring of see invisible
Wands
 p - a wand of mindburst (11)
 y - a wand of paralysis (5)
Scrolls
 e - a scroll of teleportation {@r4}
 n - a scroll of fog
 o - a scroll of noise {unknown}
 t - a scroll of enchant armour
 w - 2 scrolls of identify {@r1}
Potions
 c - 2 potions of haste {@q3}
 i - a potion of berserk rage {unknown}
 j - a potion of flight {unknown}
 k - a potion of ambrosia {unknown}
 q - 2 potions of attraction {unknown}
 v - a potion of might {unknown}
 x - a potion of degeneration {unknown}


   Skills:
 + Level 6.4 Fighting
 - Level 4.1 Short Blades
 + Level 2.3 Dodging
 - Level 2.4 Stealth
 + Level 9.2 Spellcasting


You had 5 spell levels left.
You knew the following spells:

 Your Spells              Type           Power      Damage    Failure   Level
a - Ozocubu's Armour      Ice            55%        N/A       1%          3
b - Ensorcelled Hibernat  Hex/Ice        100%       N/A       1%          2
c - Confusing Touch       Hex            55%        N/A       1%          3
d - Tukima's Dance        Hex            55%        N/A       1%          3
e - Dazzling Flash        Conj/Hex       100%       N/A       1%          3
f - Animate Skeleton      Necr           100%       N/A       1%          1
g - Passwall              Tmut/Erth      45%        N/A       1%          2
h - Call Canine Familiar  Summ           55%        N/A       1%          3
i - Corona                Hex            61%        N/A       1%          1
Your spell library was empty.

Dungeon Overview and Level Annotations

Branches:
Dungeon (7/15)             Temple (1/1) D:7

Altars:
Dithmenos
Elyvilon
Kikubaaqudgha
Makhleb
Nemelex Xobeh
Okawaru
Sif Muna
Trog
Uskayaw
Vehumet
Yredelemnul
Zin
Jiyva

Shops:
D:1 (   D:6 (

Annotations:
D:6 1 runed translucent door, Crazy Yiuf


Innate Abilities, Weirdness & Mutations

You are immune to sickness and miasma.
You are immune to poison.
Your flesh is almost immune to the effects of heat. (rF+++)
You are vulnerable to cold. (rC-)
You float through the air rather than walking.
You learn spells naturally, not from books.
Your magical power is your life essence.
You have superior vitality. (+4 HP)
You tend to lose your temper in combat.


Message History

You hit the wyvern but do no damage.
The wyvern is severely wounded.
The wyvern barely misses you.
You barely miss the wyvern.
The wyvern is severely wounded.
The wyvern bites you.
You closely miss the wyvern.
The wyvern is severely wounded.
The wyvern bites you but does no damage.
You hit the wyvern.
The wyvern is severely wounded.
The wyvern bites you!
You closely miss the wyvern.
The wyvern is severely wounded.
The wyvern barely misses you. The wyvern bites you.
You hit the wyvern but do no damage.
The wyvern is severely wounded.
The wyvern bites you!
Casting: Ensorcelled Hibernation (safe; 1% risk of failure)
Confirm with . or Enter, or press ? or * to list all spells.
Aiming: Ensorcelled Hibernation (safe; 1% risk of failure)
Press: ? - help, Shift-Dir - straight line, f - you, p - wyvern That would be overly suicidal.
Okay, then.
Unknown command.
Casting: Ensorcelled Hibernation (safe; 1% risk of failure)
Confirm with . or Enter, or press ? or * to list all spells.
Your hands begin to glow red.
The wyvern bites you! The wyvern closely misses you.
You hit the wyvern but do no damage.
The wyvern is severely wounded.
The wyvern misses you.
You hit the wyvern but do no damage.
The wyvern is severely wounded.
The wyvern bites you!
* * * LOW HITPOINT WARNING * * *
You barely miss the wyvern.
The wyvern is severely wounded.
The wyvern bites you!
You die...

#.....# #.# #
#.....# #.# #
###.######.# #
#......##.#####
##..###.##......
##.....#.####.###
#....#...####....
####.#...#.......###
#.l@....#...####.##.
#.....###.......#
#.#.# ..#####
###.##### #.##.
##.## #.##. #...#
#.... .. #...#
#####. . #...#
#..... #.
#...######.###. .
#..............


You could see a wyvern.

Vanquished Creatures
  Edmund (D:6)
  An orc warrior (D:5)
  An ice beast (D:7)
  An ogre (D:7)
  2 bullfrogs
  3 scorpions
  A wight (D:6)
  2 jellies
  3 hounds
  A bullfrog skeleton (D:6)
  Natasha (thrice) (D:2)
  An orc wizard (D:4)
  A scorpion zombie (D:5)
  A hound zombie (D:3)
  7 gnolls
  6 adders
  A shadow imp (D:6)
  3 white imps
  An adder zombie (D:3)
  3 worms
  3 dart slugs
  9 orcs
  10 ball pythons
  3 endoplasms
  5 giant cockroaches
  7 goblins
  9 hobgoblins
  6 jackals (D:1)
  2 quokkas
  3 frilled lizards
  A jackal skeleton (D:4)
  5 kobolds
  3 rats
109 creatures vanquished.

Vanquished Creatures (collateral kills)
  A centaur zombie (D:5)
  Menkaure (D:6)
  2 sky beasts (D:5)
  2 black bears (D:5)
  A centaur (D:6)
  6 wights (D:6)
  A hound (D:5)
  An iguana (D:5)
  A howler monkey skeleton (D:6)
  5 gnolls
  4 orcs
25 creatures vanquished.

Vanquished Creatures (others)
  6 dancing weapons
  An ufetubus (D:6)
7 creatures vanquished.

Grand Total: 141 creatures vanquished

Notes
Turn   | Place    | Note
-------+----------+-------------------------------------------
     0 | D:1      | freelancePsychic the Djinni Enchanter began the quest for
                  | the Orb.
     0 | D:1      | Reached XP level 1. HP: 15/15 MP: 0/0
   160 | D:1      | Found Lyghev's Antique Weapon Shop.
   417 | D:1      | Reached XP level 2. HP: 20/22 MP: 0/0
   711 | D:1      | Reached skill level 1 in Fighting
  1027 | D:1      | Reached XP level 3. HP: 21/27 MP: 0/0
  1027 | D:1      | Learned a level 1 spell: Animate Skeleton
  1193 | D:1      | Reached skill level 3 in Spellcasting
  1931 | D:2      | Found a faded altar of an unknown god.
  2395 | D:2      | Noticed Natasha
  2428 | D:2      | Killed Natasha
  2429 | D:2      | Reached skill level 1 in Short Blades
  2429 | D:2      | Reached XP level 4. HP: 9/32 MP: 0/0
  2796 | D:2      | Noticed Natasha
  2814 | D:2      | Killed Natasha
  3039 | D:2      | Reached XP level 5. HP: 31/37 MP: 0/0
  3039 | D:2      | Learned a level 2 spell: Passwall
  3083 | D:2      | Noticed Natasha
  3640 | D:2      | Killed Natasha
  3641 | D:2      | Reached skill level 4 in Spellcasting
  4034 | D:2      | Reached XP level 6. HP: 43/43 MP: 0/0
  4407 | D:2      | HP: 1/43 [gnoll (5)]
  4408 | D:2      | Gained mutation: A frigid envelope surrounds you and
                  | freezes all who hurt you. [potion of mutation]
  4408 | D:2      | Gained mutation: You occasionally shout uncontrollably at
                  | your foes. [potion of mutation]
  4408 | D:2      | Gained mutation: You are frail. (-10% HP) [potion of
                  | mutation]
  4883 | D:3      | Lost mutation: You are frail. (-10% HP) [potion of
                  | mutation]
  4883 | D:3      | Lost mutation: A frigid envelope surrounds you and freezes
                  | all who hurt you. [potion of mutation]
  4883 | D:3      | Lost mutation: You occasionally shout uncontrollably at
                  | your foes. [potion of mutation]
  4883 | D:3      | Gained mutation: You are clumsy. (Dex -2) [potion of
                  | mutation]
  4883 | D:3      | Gained mutation: You tend to lose your temper in combat.
                  | [potion of mutation]
  4883 | D:3      | Gained mutation: You evolve. [potion of mutation]
  5086 | D:3      | Identified a scroll of acquirement
  5087 | D:3      | Acquired a manual of Spellcasting
  5322 | D:3      | Found a basalt altar of Yredelemnul.
  6445 | D:4      | Reached skill level 5 in Spellcasting
  6445 | D:4      | Reached XP level 7. HP: 46/50 MP: 0/0
  6445 | D:4      | Learned a level 3 spell: Call Canine Familiar
  6499 | D:4      | Found a white marble altar of Elyvilon.
  6768 | D:4      | Found an iron altar of Okawaru.
  6840 | D:5      | Entered Level 5 of the Dungeon
  7000 | D:5      | Reached skill level 6 in Spellcasting
  7159 | D:5      | Reached XP level 8. HP: 45/58 MP: 0/0
  7404 | D:5      | Reached skill level 5 in Fighting
  7598 | D:5      | Identified the +8 dagger "Geafehot" {vorpal, Fly Int-3
                  | Dex-2 SInv}
  7648 | D:5      | Gained mutation: Your flesh is almost immune to the effects
                  | of heat. (rF+++) [evolution]
  7703 | D:5      | Reached skill level 7 in Spellcasting
  8201 | D:5      | Acquired a staff of fire
  8579 | D:6      | Noticed Menkaure
  8721 | D:6      | Found Zeroitaa's Weapon Shop.
  8751 | D:6      | Noticed Edmund
  8985 | D:5      | Lost mutation: You are clumsy. (Dex -2) [evolution]
  8985 | D:5      | Lost mutation: You evolve. [end of evolution]
  9083 | D:6      | Killed Edmund
  9084 | D:6      | Reached XP level 9. HP: 49/65 MP: 0/0
  9084 | D:6      | Learned a level 3 spell: Ozocubu's Armour
  9086 | D:6      | Reached skill level 8 in Spellcasting
  9183 | D:6      | Killed Menkaure
 10206 | D:6      | Found a runed translucent door.
 10207 | D:6      | Noticed Crazy Yiuf
 10561 | D:7      | Reached skill level 9 in Spellcasting
 11140 | D:7      | Found a staircase to the Ecumenical Temple.
 11221 | Temple   | Entered the Ecumenical Temple
 11243 | Temple   | Became a worshipper of Jiyva Jaggul the Shapeless
 11301 | D:7      | Slain by a wyvern

Illustrated notes

Levels and vault maps discovered:
D:1:      psy_arrival_spokes, layout_loops_ring, serial_shops, shop_statue
D:2:      minmay_recursive_quarters, layout_basic,
          shapermc_ecumenical_altar_starsandcircs, kennysheep_generic_room_12,
          uniq_natasha
D:3:      wander_river, layout_rooms, lemuel_zombie_altar_yredelemnul
D:4:      layout_basic, amcnicky_altar_gilded, nicolae_vehumet_radiance,
          grunt_temple_overflow_open
D:5:      layout_loops_ring, chequers_serial_rivers_micro_c
D:6:      layout_rooms, serial_shops, kennysheep_little_box, uniq_menkaure,
          uniq_crazy_yiuf_cottage, uniq_edmund
D:7:      layout_loops_cross, nzn_hepliaklqana_mist_gate,
          minmay_temple_entry_grid, serial_shops, shop, grunt_decor_fettered
Temple:   pf_slimified_temple

Skill      XL: |  1  2  3  4  5  6  7  8  9 |
---------------+----------------------------+-----
Fighting       | 1 3 4 5 6 |  6.4
Spellcasting   | 3 4 5 6 7 9 |  9.2
Short Blades   | 1 2 3 4 |  4.1
Dodging        | |  2.3
Stealth        | |  2.4

Action                   |  1- 3 |  4- 6 |  7- 9 || total
-------------------------+-------+-------+-------++-------
Melee: Dagger            |   188 |   237 |   230 ||   655
 Cast: Corona            |     3 |       |       ||     3
       Ensorcelled Hiber |    13 |    42 |    11 ||    66
       Tukima's Dance    |       |    23 |    11 ||    34
       Confusing Touch   |       |     6 |    14 ||    20
       Call Canine Famil |       |       |    13 ||    13
       Dazzling Flash    |       |       |     5 ||     5
  Use: Scroll            |     2 |     7 |     2 ||    11
       Potion            |       |     6 |     1 ||     7
 Stab: Sleeping          |    11 |    24 |    15 ||    50
       Distracted        |       |     3 |     1 ||     4
       Confused          |       |     4 |     6 ||    10
       Invisible         |       |       |     2 ||     2
Armor: Robe              |    55 |    66 |    68 ||   189
Dodge: Dodged            |   115 |   142 |   133 ||   390

Table legend: (Time is in decaauts)
 A = Elapsed time spent in this place.
 B = Non-inter-level travel time spent in this place.
 C = Inter-level travel time spent in this place.
 D = Time resting spent in this place.
 E = Time spent auto-exploring this place.
 F = Levels seen in this place.
 G = Mean time per level.
                   A        B        C        D        E       F      G
               +--------+--------+--------+--------+--------+-----+--------+
         Total |  11227 |  10915 |    312 |   2657 |   6489 |   8 | 1403.4 |
       Dungeon |  11188 |  10877 |    311 |   2657 |   6489 |   7 | 1598.3 |
        Temple |     39 |     39 |      0 |      0 |      0 |   1 |   39.0 |
               +--------+--------+--------+--------+--------+-----+--------+

Top non-repeatable levels by time:
     D:2: 2632 daAuts
     D:5: 2256 daAuts
     D:1: 2069 daAuts
     D:4: 1220 daAuts
     D:6: 1197 daAuts
     D:3: 1097 daAuts
     D:7: 713 daAuts
  Temple: 39 daAuts
